 Dungeon Crawl Stone Soup version 0.28.0-45-g0d030f2227 (webtiles) character file.

Game seed: 17892383060613868777

44 seaoflcl the Skirmisher (level 3, -2/29 HPs)
             Began as a Human Abyssal Knight on Apr 10, 2022.
             Was a Believer of Lugonu.
             Slain by an orc
             ... wielding a +0 trident
              (6 damage)
             ... on level 3 of the Dungeon.
             The game lasted 00:02:30 (1813 turns).

seaoflcl the Skirmisher (Human Abyssal Knight)      Turns: 1813, Time: 00:02:31

Health: -2/29      AC:  4    Str: 15    XL:     3   Next: 87%
Magic:  4/4        EV: 11    Int: 10    God:    Lugonu [**....]
Gold:   77         SH:  0    Dex: 13    Spells: 2/2 levels left

rFire   . . .      SeeInvis .   a - +1 mace
rCold   . . .      Faith    .   (no shield)
rNeg    . . .      Spirit   .   b - +0 leather armour
rPois   .          Reflect  .   e - +0 helmet
rElec   .          Harm     .   (no cloak)
rCorr   .          Rampage  .   (no gloves)
Will    .....                   (no boots)
Stlth   +.........              (no amulet)
HPRegen 0.09/turn               (no ring)
MPRegen 0.09/turn               (no ring)

@: no status effects
A: no striking features
a: Renounce Religion, Depart the Abyss, Bend Space


You were on level 3 of the Dungeon.
You worshipped Lugonu.
Lugonu was pleased with you.
You visited 1 branch of the dungeon, and saw 3 of its levels.
You visited the Abyss 1 time.

You collected 77 gold pieces.

Inventory:

Hand Weapons
 a - a +1 mace (weapon)
Armour
 b - a +0 leather armour (worn)
 e - a +0 helmet (worn)
Scrolls
 d - a scroll of identify {unknown}
 g - a scroll of noise {unknown}
 h - a scroll of teleportation {unknown}
 j - a scroll of enchant weapon {unknown}
Potions
 c - 3 potions of brilliance {unknown}
 f - a potion of mutation {unknown}
 i - a potion of attraction {unknown}


   Skills:
 + Level 3.4 Fighting
 + Level 2.9 Maces & Flails
 + Level 2.3 Armour
 + Level 1.2 Dodging
 + Level 2.2 Invocations


You had 2 spell levels left.
You didn't know any spells.
Your spell library contained the following spells:

 Spells                   Type           Power      Damage    Failure   Level
 Dazzling Flash           Conj/Hex       0%         N/A       80%         3
 Frozen Ramparts          Ice            0%         1d2       80%         3
 Ice Form                 Ice/Tmut       0%         N/A       99%         4
 Summon Ice Beast         Ice/Summ       0%         N/A       99%         4
 Agony                    Necr           0%         N/A       100%        5
 Silence                  Hex/Air        0%         N/A       100%        5


Dungeon Overview and Level Annotations

Branches:
Dungeon (3/15)

Altars:


Message History

The orc closely misses you.
The orc hits you from afar with a +0 trident.
You barely miss the orc.
The orc is severely wounded.
The orc barely misses you.
The orc hits you from afar with a +0 trident.
A frilled lizard comes into view.
The orc closely misses you.
You are too injured to fight recklessly!
You are too injured to fight recklessly!
You are too injured to fight recklessly!
You are too injured to fight recklessly!
You are too injured to fight recklessly!
You are too injured to fight recklessly!
You are too injured to fight recklessly!
You closely miss the orc.
The orc is severely wounded.
The orc barely misses you.
You barely miss the orc.
The orc is severely wounded.
The orc barely misses you.
You closely miss the orc.
The orc is severely wounded.
The orc hits you but does no damage.
You hit the orc.
You kill the orc!
Lugonu accepts your kill. The frilled lizard bites you.
You hit the frilled lizard.
You kill the frilled lizard!
Lugonu accepts your kill. The orc closely misses you.
The orc hits you with a +0 trident.
* * * LOW HITPOINT WARNING * * *
Things that are here:
a +0 short sword; an orc corpse You hit the orc.
The orc is almost dead.
The orc closely misses you. The orc hits you with a +0 trident.
You die...

# #. ####### #..
#<...>#
###...####.....#
l.....)lo@.....#
#..#.##)##.....#
#.##.....#
#.######## ..#
##. . #


You could see an orc and a frilled lizard.

Vanquished Creatures
  A worm (D:2)
  3 orcs (D:3)
  6 endoplasms
  A giant cockroach (D:2)
  3 goblins
  4 hobgoblins
  2 quokkas
  6 ball pythons
  2 bats
  3 frilled lizards
  3 kobolds
  A rat (D:1)
35 creatures vanquished.

Vanquished Creatures (others)
  4 plants (D:3)
4 creatures vanquished.

Grand Total: 39 creatures vanquished

Notes
Turn   | Place    | Note
-------+----------+-------------------------------------------
     0 | Abyss:1  | seaoflcl the Human Abyssal Knight began the quest for the
                  | Orb.
     0 | Abyss:1  | Reached XP level 1. HP: 18/18 MP: 2/2
    20 | D:1      | Escaped the Abyss
   221 | D:1      | Reached XP level 2. HP: 15/24 MP: 3/3
  1050 | D:2      | Reached XP level 3. HP: 28/29 MP: 4/4
  1378 | D:2      | Reached ** piety under Lugonu
  1813 | D:3      | Slain by an orc

Illustrated notes

Levels and vault maps discovered:
D:1:      doesnt_arrival_eight_statues, layout_basic
D:2:      layout_rooms, serial_corexii_hall, corexii_hall_statues_x,
          chequers_hall_statues_wall_a
D:3:      minmay_goblin_kobold_castle, layout_loops_cross, zin_statuary,
          ebering_ecumenical_altar_ruins, gammafunk_ghost_mausoleum,
          gup_sewer_entry_bowl, minmay_lizard_king

Action                   || total
-------------------------++-------
Melee: Mace              ||    96
 Stab: Sleeping          ||     2
Armor: Leather armour    ||    42
Dodge: Dodged            ||    60
